 Dungeon Crawl Stone Soup version 0.29-a0-321-gf1c400731a (webtiles) character file.

Game seed: 9107549781646489315

59 sokol815 the Chopper (level 3, -1/29 HPs)
             Began as a Demonspawn Monk on Apr 5, 2022.
             Was a Believer of Makhleb.
             Slain by an ice beast (6 damage)
             ... on level 6 of the Dungeon.
             The game lasted 00:04:16 (2068 turns).

sokol815 the Chopper (Demonspawn Monk)              Turns: 2068, Time: 00:04:17

Health: -1/29      AC: 17    Str: 11    XL:     3   Next: 78%
Magic:  3/3        EV: 11    Int: 13    God:    Makhleb [**....]
Gold:   125        SH:  0    Dex: 15    Spells: 2/2 levels left

rFire   . . .      SeeInvis .   a - +1 hand axe (protect)
rCold   . . .      Faith    .   (no shield)
rNeg    . . .      Spirit   .   d - +0 ring mail
rPois   .          Reflect  .   (no helmet)
rElec   .          Harm     .   j - +1 cloak
rCorr   .          Rampage  .   (no gloves)
Will    .....                   c - +0 pair of boots
Stlth   +.........              (no amulet)
HPRegen 0.09/turn               (no ring)
MPRegen 0.16/turn               (no ring)

@: under a protective aura
A: molten scales 1, magic regeneration
a: Renounce Religion, Minor Destruction


You were on level 6 of the Dungeon.
You worshipped Makhleb.
Makhleb was pleased with you.
You visited 1 branch of the dungeon, and saw 6 of its levels.

You collected 125 gold pieces.

Inventory:

Hand Weapons
 a - a +1 hand axe of protection (weapon)
 g - a +2 rapier of speed
   (You found it on level 1 of the Dungeon)
Missiles
 q - 6 javelins
 s - 41 stones
Armour
 b - a +0 robe
 c - a +0 pair of boots (worn)
   (You found it on level 1 of the Dungeon)
 d - a +0 ring mail (worn)
   (You found it on level 2 of the Dungeon)
 j - a +1 cloak (worn)
   (You found it on level 1 of the Dungeon)
Scrolls
 f - a scroll of fog
Potions
 e - a potion of attraction {unknown}
 h - a potion of magic {unknown}
 k - a potion of curing {unknown}
 o - a potion of invisibility {unknown}
 B - 2 potions of brilliance
 G - a potion of ambrosia {!q}


   Skills:
 - Level 3.0 Fighting
 + Level 4.3 Axes
 - Level 2.6 Dodging
 - Level 1.7 Stealth


You had 2 spell levels left.
You didn't know any spells.
Your spell library was empty.

Dungeon Overview and Level Annotations

Branches:
Dungeon (6/15)
 Temple: D:4-7

Altars:
Hepliaklqana
Makhleb


Innate Abilities, Weirdness & Mutations

You are partially covered in molten scales. (AC +2)
You regenerate magic rapidly.


Message History

You hit the ball python.
Your weapon exudes an aura of protection.
The ball python bites you but does no damage.
The ball python grabs you. The ball python constricts you.
You hit the ball python.
You kill the ball python!
Makhleb accepts your kill.
No target in view!
No target in view!
B - 2 potions of brilliance (gained 1)
A sourceless malevolence fills the Dungeon...
You fall into a shaft and drop 1 floor!
The shaft crumbles and collapses.
Found a stone staircase leading down.
Found a hazy altar of Hepliaklqana.
There is a stone staircase leading down here.
You climb downwards.
There is a stone staircase leading up here.
A shadow imp comes into view.
The shadow imp hits you but does no damage.
You hit the shadow imp.
Your weapon exudes an aura of protection.
The shadow imp hits you but does no damage.
You barely miss the shadow imp. The shadow imp hits you.
You take 3 damage, and have 26/29 hp.
You closely miss the shadow imp. The shadow imp barely misses you.
You closely miss the shadow imp. The shadow imp misses you.
You hit the shadow imp.
Your weapon exudes an aura of protection.
The shadow imp hits you but does no damage.
You closely miss the shadow imp. The shadow imp barely misses you.
You hit the shadow imp but do no damage.
The shadow imp gestures at you. Pain shoots through your body!
You take 1 damage, and have 25/29 hp.
You hit the shadow imp.
You kill the shadow imp!
Makhleb accepts your kill.
You feel better.
No target in view!
No target in view!
An ice beast comes into view.
Health restored: 29
Okay, then.
A worm comes into view.
You see here a +0 trident.
An ice beast comes into view.
Found a scroll of teleportation.
Found an escape hatch in the floor.
The ice beast hits you but does no damage.
The ice beast attacks as you move away! The ice beast hits you.
The ice beast freezes you.
You take 6 damage, and have 23/29 hp.
MASSIVE DAMAGE!!
There is an escape hatch in the floor here.
The ice beast hits you but does no damage.
You slide downwards.
The hatch slams shut behind you.
The orc shouts!
You closely miss the ice beast. The ice beast misses you.
You hit the ice beast.
Your weapon exudes an aura of protection.
The ice beast hits you but does no damage.
You barely miss the ice beast.
The ice beast hits you but does no damage.
The ice beast barely misses you.
You completely miss the ice beast. The ice beast closely misses you.
You hit the ice beast. You hit the orc but do no damage.
The orc hits you but does no damage. The ice beast barely misses you.
You barely miss the ice beast. You hit the orc but do no damage.
The orc hits you with a +0 mace.
The ice beast hits you but does no damage.
You take 1 damage, and have 23/29 hp.
You hit the ice beast. You hit the orc but do no damage.
The orc hits you but does no damage.
The ice beast hits you but does no damage.
Okay, then.
You hit the ice beast but do no damage. You hit the orc but do no damage.
The orc hits you but does no damage. The ice beast hits you.
The ice beast freezes you!
* * * LOW HITPOINT WARNING * * *
You take 15 damage, and have 8/29 hp.
MASSIVE DAMAGE!!
You hit the ice beast but do no damage. You hit the orc but do no damage.
The orc closely misses you. The ice beast barely misses you.
You hit the ice beast. You hit the orc. The orc hits you but does no damage.
The ice beast misses you.
You barely miss the ice beast. You hit the orc but do no damage.
The orc barely misses you. The ice beast closely misses you.
The orc hits you but does no damage.
You barely miss the ice beast. You closely miss the orc.
The ice beast hits you but does no damage.
The orc hits you but does no damage.
You completely miss the ice beast. You barely miss the orc.
The ice beast completely misses you. The orc barely misses you.
You hit the ice beast but do no damage. You hit the orc.
The ice beast hits you but does no damage.
The orc misses you. The ice beast hits you.
* * * LOW HITPOINT WARNING * * *
The ice beast freezes you.
You die... ###########.### ......o@Y...... ###########.###

You could see an ice beast and an orc.

Vanquished Creatures
  A shadow imp (D:5)
  2 worms
  A dart slug (D:1)
  4 endoplasms
  A giant cockroach (D:1)
  6 goblins
  2 hobgoblins (D:1)
  2 quokkas
  4 ball pythons
  4 bats
  3 frilled lizards
  10 kobolds
40 creatures vanquished.

Notes
Turn   | Place    | Note
-------+----------+-------------------------------------------
     0 | D:1      | sokol815 the Demonspawn Monk began the quest for the Orb.
     0 | D:1      | Reached XP level 1. HP: 18/18 MP: 1/1
    73 | D:1      | Reached skill level 3 in Axes
   310 | D:1      | Gained mutation: You regenerate magic rapidly. [demonic
                  | ancestry]
   310 | D:1      | Reached XP level 2. HP: 19/24 MP: 2/2
   930 | D:1      | Gained mutation: You are partially covered in molten
                  | scales. (AC +2) [demonic ancestry]
   930 | D:1      | Reached XP level 3. HP: 27/29 MP: 3/3
  1420 | D:2      | Reached skill level 4 in Axes
  1673 | D:2      | Found a faded altar of an unknown god.
  1678 | D:2      | Prayed at the altar of an unknown god.
  1678 | D:2      | Became a worshipper of Makhleb the Destroyer
  1678 | D:2      | Reached * piety under Makhleb
  1678 | D:2      | Reached ** piety under Makhleb
  1947 | D:3      | You fall into a shaft and drop 1 floor!
  1948 | D:4      | Found a hazy altar of Hepliaklqana.
  1957 | D:5      | Entered Level 5 of the Dungeon
  2019 | D:5      | Noticed an ice beast
  2046 | D:5      | Noticed an ice beast
  2068 | D:6      | HP: 5/29 [ice beast (3)]
  2068 | D:6      | Slain by an ice beast

Illustrated notes

Levels and vault maps discovered:
D:1:      arrival_zaba_pyramid, layout_basic
D:2:      layout_rooms, hellmonk_ecumenical_altar_leap_of_faith
D:3:      kennysheep_the_goblin_king, layout_basic,
          mainiacjoe_overflow_alcove_4, lemuel_tele_altar,
          grunt_dithmenos_smoke_and_mirrors, minmay_randomly_rotated_circles,
          uniq_grinder, uniq_terence
D:4:      layout_basic, nicolae_overflow_hidden_temple, gammafunk_ghost_grave,
          serial_shops, nicolae_shop_bloodbath_and_beyond,
          nicolae_shop_unique_rings, minmay_surrounded
D:5:      layout_loops_ring, mainiacjoe_overflow_divided_tiny
D:6:      layout_basic, old_standard_altar, serial_shops,
          nicolae_shop_statue_plus, uniq_duvessa

Skill      XL: |  1  2  3 |
---------------+----------+-----
Axes           | 3 4 |  4.3
Fighting       | |  3.0
Dodging        | |  2.6
Stealth        | |  1.7

Action                   || total
-------------------------++-------
Melee: Hand axe          ||   146
       Punch             ||     1
Throw: Stone             ||     2
  Use: Scroll            ||    11
 Stab: Sleeping          ||     6
Armor: Robe              ||    18
       Ring mail         ||    29
Dodge: Dodged            ||    72

Table legend: (Time is in decaauts)
 A = Elapsed time spent in this place.
 B = Non-inter-level travel time spent in this place.
 C = Inter-level travel time spent in this place.
 D = Time resting spent in this place.
 E = Time spent auto-exploring this place.
 F = Levels seen in this place.
 G = Mean time per level.
                   A        B        C        D        E       F      G
               +--------+--------+--------+--------+--------+-----+--------+
         Total |   2083 |   2049 |     34 |    242 |   1359 |   6 |  347.2 |
       Dungeon |   2083 |   2049 |     34 |    242 |   1359 |   6 |  347.2 |
               +--------+--------+--------+--------+--------+-----+--------+

Top non-repeatable levels by time:
     D:1: 1100 daAuts
     D:2: 611 daAuts
     D:3: 249 daAuts
     D:5: 97 daAuts
     D:6: 15 daAuts
     D:4: 9 daAuts

Table legend:
 A = Kills in this place as a percentage of kills in entire the game.
 B = Kills by you in this place as a percentage of kills by you in the entire game.
 C = Kills by friends in this place as a percentage of kills by friends in the entire game.
 D = Other kills in this place as a percentage of other kills in the entire game.
 E = Experience gained in this place as a percentage of experience gained in the entire game.
 F = Experience gained in this place divided by the number of levels of this place that you have seen.
                   A       B       C       D       E      F
               +-------+-------+-------+-------+-------+----------------------
         Total | 100.0 | 100.0 |   N/A |   N/A | 100.0 |  14.2
       Dungeon | 100.0 | 100.0 |   N/A |   N/A | 100.0 |  14.2
               +-------+-------+-------+-------+-------+----------------------
